Map: Nightscape LE

Players

phoenix

  • Race: Protoss Protoss
  • League: Silver
  • Spawn Location: 7:00

Jerem

  • Race: Terran Terran
  • League: Diamond
  • Spawn Location: 7:00

Massa - Winner!

  • Race: Terran Terran
  • League: Gold
  • Spawn Location: 1:00

qqq - Winner!

  • Race: Zerg Zerg
  • League: Platinum
  • Spawn Location: 1:00

VOD

Have the link to the VOD?

Description

Time

  • Played on: Aug. 31, 2020, 3:31 p.m.
  • Length: 5:21
Show
View Real Time Build Order
Export as new Build Order

phoenix Protoss 

Build Orders:  

Get SALT Encoding   

  12  0:03  Probe  
  13  0:15  Probe  
  14  0:24  Pylon  
  14  0:29  Probe  
  15  0:42  Probe, Gateway  
  16  0:54  Probe  
  17  1:06  Probe, Assimilator  
  19  1:18  Probe  
  19  1:35  Cybernetics Core  
  19  1:45  Nexus  
  19  1:52  Probe (Chrono Boost)  
  19  1:53  Assimilator  
  20  1:58  Pylon  
  21  2:02  Probe (Chrono Boost)  
  21  2:07  Probe (Chrono Boost)  
  21  2:13  Adept (Chrono Boost)  
  22  2:20  Gateway  
  24  2:25  Shield Battery  
  24  2:32  Probe (Chrono Boost)  
  25  2:43  Probe (Chrono Boost)  
  26  2:46  Adept  
  26  2:47  Probe (Chrono Boost)  
  29  3:23  Forge  
  29  3:26  Probe x2  
  31  3:32  Adept x2  
  35  3:38  Probe x2  
  37  3:44  Assimilator  
  37  3:48  Robotics Facility  
  37  3:50  Probe x2, Twilight Council  
  39  3:59  Pylon  
  39  4:03  Pylon  
  39  4:06  Adept  
  41  4:18  Probe x2  
  43  4:30  Probe x2  
  45  4:35  Robotics Bay  
  45  4:42  Probe  
Show
View Real Time Build Order
Export as new Build Order

Jerem Terran 

Build Orders:  

Get SALT Encoding   

  12  0:02  SCV  
  13  0:14  SCV  
  14  0:21  Supply Depot  
  14  0:26  SCV  
  15  0:43  SCV  
  15  0:45  Barracks  
  15  0:48  Refinery  
  16  0:55  SCV  
  17  1:07  SCV  
  18  1:19  SCV  
  19  1:31  SCV  
  21  1:40  Reaper  
  21  1:43  Orbital Command  
  21  1:54  Command Center  
  21  2:02  Supply Depot  
  21  2:13  SCV  
  22  2:15  Reaper  
  22  2:25  SCV  
  23  2:32  Refinery  
  23  2:37  SCV, Factory  
  24  2:51  Barracks Reactor  
  24  2:57  SCV  
  25  3:03  Supply Depot  
  25  3:07  Orbital Command  
  25  3:08  Barracks  
  25  3:09  SCV  
  26  3:21  Factory Tech Lab, SCV  
  26  3:22  Starport  
  27  3:33  SCV x2  
  29  3:35  Marine x2  
  31  3:43  Cyclone  
  31  3:45  SCV x2  
  36  3:53  Marine x2  
  39  4:05  Orbital Command, Fusion Core  
  39  4:06  SCV  
  39  4:18  SCV  
  40  4:30  SCV, Command Center  
  40  4:31  SCV  
  42  4:41  Factory Tech Lab  
  42  4:43  SCV  
  42  4:44  Marine x2  
  39  4:55  SCV  
  40  5:02  Marine x2  
  40  5:05  Bunker  
  42  5:07  SCV  
  42  5:09  Supply Depot  
  42  5:10  Supply Depot  
Show
View Real Time Build Order
Export as new Build Order

Massa Terran - Winner!

Build Orders: Reaper Expand 

Get SALT Encoding   

  12  0:03  SCV  
  13  0:15  SCV  
  13  0:18  Supply Depot  
  14  0:30  SCV  
  15  0:41  Barracks  
  15  0:42  SCV  
  16  0:50  Refinery  
  16  0:54  SCV  
  17  1:07  SCV  
  17  1:08  Refinery  
  18  1:19  SCV  
  19  1:34  Reaper  
  19  1:39  Command Center  
  20  1:43  SCV  
  21  2:12  Barracks  
  21  2:24  Marine  
  22  2:30  Orbital Command  
  22  2:42  Factory, Marine  
  23  2:50  Barracks  
  23  2:55  Orbital Command  
  23  3:00  Barracks  
  23  3:01  Marine  
  24  3:07  Marine  
  24  3:10  SCV  
  26  3:19  Marine  
  27  3:22  SCV x2  
  27  3:25  Marine  
  30  3:30  Factory Tech Lab  
  30  3:36  SCV x2  
  30  3:37  Marine  
  30  3:39  Marine  
  34  3:43  Marine  
  34  3:47  Marine  
  34  3:48  SCV  
  37  3:53  SCV  
  38  4:00  Supply Depot  
  38  4:05  SCV x2, Marine x3  
  38  4:06  Supply Depot  
  43  4:12  Supply Depot  
  43  4:13  Marine  
  44  4:21  Siege Tank  
  44  4:22  Marine x3  
  44  4:23  Supply Depot  
  50  4:33  Marine  
  51  4:40  Marine x3  
  54  4:51  Marine  
  55  4:59  SCV x2  
  57  5:00  Marine x2  
  57  5:01  Marine  
Show
View Real Time Build Order
Export as new Build Order

qqq Zerg - Winner!

Build Orders: Hatch First 

Get SALT Encoding   

  12  0:01  Drone  
  13  0:08  Drone  
  14  0:36  Hatchery  
  14  0:39  Drone  
  14  0:55  Spawning Pool  
  13  1:04  Overlord  
  13  1:08  Drone  
  14  1:15  Extractor  
  14  1:16  Drone  
  14  1:41  Drone  
  14  1:44  Drone  
  14  1:45  Drone  
  17  1:52  Drone  
  17  1:54  Drone, Queen  
  21  2:02  Drone  
  21  2:03  Drone  
  23  2:13  Drone  
  24  2:18  Queen  
  25  2:23  Metabolic Boost  
  25  2:27  Drone  
  26  2:33  Overlord  
  26  2:36  Zergling x2  
  27  2:39  Zergling x2  
  28  2:44  Overlord  
  28  2:53  Zergling x2  
  28  2:54  Zergling x2  
  30  2:59  Zergling x2  
  30  3:00  Zergling x2  
  30  3:04  Zergling x4  
  30  3:05  Zergling x2  
  35  3:08  Zergling x2  
  35  3:12  Overlord  
  36  3:15  Zergling x2  
  37  3:20  Zergling x2  
  37  3:25  Zergling x2  
  39  3:27  Zergling x4  
  39  3:31  Zergling x2  
  42  3:35  Zergling x2  
  42  3:36  Zergling x2  
  42  3:37  Zergling x2  
  45  3:50  Zergling x2  
  45  3:51  Zergling x6  
  49  3:56  Zergling x2  
  50  4:10  Zergling x4  
  50  4:11  Overlord  
  50  4:12  Overlord  
  50  4:13  Overlord  
  52  4:23  Overlord  
  42  4:53  Zergling x2  
  42  4:54  Zergling x10  
  42  4:55  Zergling x12  
Tags
 
Add a new tag
Caveats
  • Supply blocks, unpowered buildings, or Contaminate may cause inaccurate times.
  • Supply counts are checked every 10 seconds.